Map: Nightshade LE

Players

antagomiR - Winner!

  • Race: Protoss Protoss
  • League: Gold
  • Spawn Location: 5:00

Canelo

  • Race: Protoss Protoss
  • League: Silver
  • Spawn Location: 11:00

VOD

Have the link to the VOD?

Description

Time

  • Played on: April 10, 2020, 7:38 p.m.
  • Length: 9:37
Show
View Real Time Build Order
Export as new Build Order

antagomiR Protoss - Winner!

Build Orders:  

Get SALT Encoding   

  12  0:01  Probe  
  13  0:13  Probe  
  14  0:18  Pylon  
  14  0:25  Probe  
  15  0:39  Gateway  
  15  0:40  Probe  
  16  0:52  Probe  
  17  1:04  Probe  
  18  1:33  Cybernetics Core  
  18  1:45  Pylon  
  18  1:58  Assimilator  
  17  2:07  Assimilator  
  17  2:29  Nexus  
  17  2:38  Probe  
  18  2:51  Probe  
  19  2:52  Gateway  
  19  2:55  Gateway  
  19  2:57  Warp Gate (Chrono Boost), Pylon  
  19  3:03  Probe  
  20  3:07  Stalker  
  22  3:15  Probe  
  22  3:16  Shield Battery  
  23  3:29  Twilight Council  
  23  3:31  Probe  
  24  3:37  Stalker  
  26  3:43  Probe  
  26  3:46  Probe  
  28  3:55  Probe  
  30  4:02  Probe  
  30  4:06  Stalker x2  
  30  4:08  Blink (Chrono Boost)  
  34  4:22  Probe x2  
  36  4:28  Pylon  
  36  4:37  Pylon  
  36  4:41  Robotics Facility  
  36  4:43  Probe x2  
  38  4:55  Probe x2  
  40  5:07  Probe x2, Pylon, Stalker  
  44  5:18  Stalker  
  44  5:19  Probe x2  
  48  5:31  Probe x2  
  50  5:39  Observer  
  51  5:43  Probe x2  
  53  5:51  Stalker x3  
  53  5:53  Pylon  
  53  5:55  Probe  
  60  6:05  Observer  
  60  6:07  Probe x2  
  63  6:25  Probe x2, Forge  
  65  6:27  Stalker x2  
  65  6:31  Nexus, Stalker  
  71  6:33  Pylon  
  71  6:37  Probe x2  
  73  7:12  Stalker x3  
  79  7:39  Stalker x3  
  71  8:16  Stalker  
  71  8:17  Stalker x2  
  77  8:23  Probe x2  
  79  8:27  Shield Battery  
  79  8:29  Shield Battery  
  79  8:35  Probe x2  
  79  8:47  Probe  
  75  9:00  Stalker x3  
Show
View Real Time Build Order
Export as new Build Order

Canelo Protoss 

Build Orders:  

Get SALT Encoding   

  12  0:01  Probe (Chrono Boost)  
  13  0:10  Probe (Chrono Boost)  
  14  0:19  Pylon  
  14  0:27  Pylon  
  14  0:32  Probe  
  15  0:44  Probe  
  15  0:47  Forge  
  16  0:58  Pylon  
  16  1:40  Probe  
  16  1:43  Assimilator  
  17  1:49  Gateway, Photon Cannon  
  17  1:52  Probe  
  18  2:04  Photon Cannon  
  18  2:12  Nexus  
  18  2:16  Probe  
  19  2:28  Probe  
  20  2:37  Cybernetics Core  
  20  2:42  Assimilator  
  20  2:48  Probe  
  21  2:55  Pylon  
  21  2:59  Pylon  
  21  3:00  Probe  
  21  3:05  Pylon  
  22  3:12  Probe, Pylon  
  23  3:24  Probe  
  25  3:27  Probe  
  25  3:36  Probe  
  25  3:39  Probe  
  27  3:48  Probe (Chrono Boost)  
  27  3:50  Stargate  
  27  3:54  Probe (Chrono Boost)  
  29  4:00  Probe (Chrono Boost)  
  30  4:07  Probe (Chrono Boost)  
  30  4:08  Probe (Chrono Boost)  
  32  4:10  Protoss Shields Level 1  
  32  4:15  Probe x2  
  34  4:21  Shield Battery  
  34  4:27  Probe, Assimilator  
  34  4:29  Probe  
  36  4:32  Assimilator  
  36  4:39  Probe  
  36  4:40  Stargate  
  36  4:41  Probe  
  38  4:51  Probe  
  39  4:53  Probe  
  40  5:01  Stargate  
  40  5:09  Photon Cannon  
  40  5:13  Shield Battery  
  40  5:30  Probe (Chrono Boost)  
  41  5:37  Void Ray  
  41  5:38  Void Ray  
  41  5:40  Probe (Chrono Boost)  
  50  5:45  Probe (Chrono Boost)  
  51  5:50  Pylon  
  51  5:54  Pylon  
  51  5:56  Pylon  
  51  6:00  Pylon  
  51  6:05  Nexus  
  51  6:18  Fleet Beacon  
  51  6:25  Photon Cannon  
  51  6:26  Photon Cannon  
  51  6:28  Photon Cannon  
  51  6:31  Photon Cannon  
  51  6:34  Photon Cannon  
  51  6:36  Photon Cannon  
  51  6:37  Photon Cannon  
  51  6:43  Probe  
  52  6:55  Probe  
  52  6:58  Void Ray (Chrono Boost)  
  52  6:59  Void Ray x2 (Chrono Boost)  
  65  7:07  Probe  
  66  7:11  Pylon  
  66  7:14  Pylon  
  64  7:36  Tempest (Chrono Boost)  
  51  8:14  Void Ray (Chrono Boost)  
  53  8:23  Void Ray (Chrono Boost)  
  53  8:24  Void Ray (Chrono Boost)  
Tags
 
Matchup
PvP
Replay Pack
20200422
Spawn Locations
Cross Positions
Add a new tag
Caveats
  • Supply blocks, unpowered buildings, or Contaminate may cause inaccurate times.
  • Supply counts are checked every 10 seconds.